 Dungeon Crawl Stone Soup version 0.27-a0-660-g90476cec82 (webtiles) character file.

Game seed: 14294003997289571581

301 tilp the Insei (level 6, 0/42 HPs)
             Began as an Octopode Transmuter on Mar 16, 2021.
             Succumbed to a scorpion's poison
             ... on level 4 of the Dungeon.
             The game lasted 00:04:57 (3899 turns).

tilp the Insei (Octopode Transmuter)                Turns: 3899, Time: 00:04:57

Health: 0/42       AC:  0    Str:  9    XL:     6   Next: 37%
Magic:  8/9        EV: 19    Int: 17    God:
Gold:   220        SH:  0    Dex: 18    Spells: 6/9 levels left

rFire    . . .     SeeInvis .     - Unarmed
rCold    . . .     Faith    .   (shield currently unavailable)
rNeg     . . .     Spirit   .   (helmet currently unavailable)
rPois    .         Reflect  .   (no amulet)
rElec    .         Harm     .   (ring currently unavailable)
rCorr    .         Rampage  .   (ring currently unavailable)
Will     .....                  (ring currently unavailable)
Stlth    +++.......             (ring currently unavailable)
HPRegen  0.14/turn              (ring currently unavailable)
MPRegen  0.11/turn              (ring currently unavailable)
                                (ring currently unavailable)
                                (ring currently unavailable)

@: lethally poisoned (0 -> -28), bat-form, flying, very slightly contaminated,
invisible, very quick
A: fast, flying, no casting, almost no armour, (amphibious), (8 rings), tiny,
(camouflage 1), (gelatinous body 1), (nimble swimmer 1), (tentacles)
a: Stop Flying


You were on level 4 of the Dungeon.
You were a bat.
You visited 1 branch of the dungeon, and saw 4 of its levels.

You collected 220 gold pieces.

Inventory:

Missiles
 d - 8 silver javelins {!f}
 f - 31 poisoned darts (quivered)
Wands
 i - a wand of polymorph (9)
Scrolls
 g - 2 scrolls of teleportation
Potions
 a - 3 potions of brilliance
 c - 2 potions of might
 e - 3 potions of flight
 h - a potion of mutation


   Skills:
 + Level 3.1 Fighting
 - Level 2.0 Dodging
 - Level 4.0 Stealth
 * Level 5.4 Unarmed Combat
 - Level 2.0 Spellcasting
 - Level 2.0 Transmutations


You had 6 spell levels left.
You knew the following spells:

 Your Spells              Type           Power      Damage    Failure   Level
a - Beastly Appendage     Tmut           16%        N/A       9%          1
b - Wereblood             Tmut           8%         N/A       13%         2

Your spell library contained the following spells:

 Spells                   Type           Power      Damage    Failure   Level
 Spider Form              Tmut/Pois      2%         N/A       36%         3
 Ice Form                 Ice/Tmut       5%         N/A       77%         4
 Blade Hands              Tmut           4%         N/A       93%         5


Dungeon Overview and Level Annotations

Branches:
Dungeon (4/15)
 Temple: D:4-7

Altars:
Ashenzari

Annotations:
D:4 exclusion: ogre


Innate Abilities, Weirdness & Mutations

You are a bat.
You are tiny and dextrous.
You move quickly.
You are flying.
Your equipment is almost entirely melded.
You are incapable of wielding weapons or throwing items.
You cannot cast spells.
You cannot wear most types of armour.
((You are amphibious.))
((You can wear up to eight rings at the same time.))
((Your skin changes colour to match your surroundings (Stealth+).))
((Your rubbery body absorbs attacks. (AC +1, EV +1)))
((You are stealthy while swimming. (Stealth+)))
((You have tentacles for arms and can constrict up to eight enemies at once.))


Message History

You are more poisoned.
The scorpion poisons you!
You tentacle-slap the scorpion but do no damage.
You pierce the scorpion, but do no damage.
You squeeze the scorpion, but do no damage.
The scorpion is severely wounded.
You constrict the scorpion.
* * * LOW HITPOINT WARNING * * *
You feel sick.
You tentacle-slap the scorpion but do no damage.
Your tentacle spike misses the scorpion.
The scorpion is severely wounded.
You constrict the scorpion.
* * * LOW HITPOINT WARNING * * *
You feel sick. The scorpion stings you.
* * * LOW HITPOINT WARNING * * *
You are more poisoned.
The scorpion poisons you!
You completely miss the scorpion.
The scorpion is almost dead.
Your transformation is almost over.
You constrict the scorpion.
You kill the scorpion!
* * * LOW HITPOINT WARNING * * *
You feel very sick.
Your Fighting skill increases to level 3!
It was a potion of invisibility.
You fade into invisibility!
* * * LOW HITPOINT WARNING * * *
You feel sick.
You are very lightly contaminated with residual magic.
There is a lethal amount of poison in your body!
There is a lethal amount of poison in your body!
There is a lethal amount of poison in your body!
Aiming: Polymorph
Press: ? - help, Shift-Dir - straight line, f - you That beam is likely to hit you.
Continue anyway?
Your tentacle spike disappears.
You turn into a bat.
You die...

##...#####..........#.
...#..#.....#######...
#........### #.....#
#.##...########.# #..
#..##.....#.....# ..
#.###.##.#.##### ..
#...).##...#### >
###....#......# #
#b##.....##....#
#†####.#.......# ...
########### ##..# #(..
..#.. ..... (##...


There were no monsters in sight!

Vanquished Creatures
  2 scorpions (D:4)
  4 orc priests (D:2)
  An orc wizard (D:2)
  2 worms (D:2)
  A leopard gecko (D:3)
  3 orcs (D:2)
  2 ball pythons
  A giant cockroach (D:1)
  8 goblins
  3 hobgoblins (D:2)
  7 jackals
  6 kobolds
  4 bats
  4 frilled lizards
  10 rats
58 creatures vanquished.

Notes
Turn   | Place    | Note
-------+----------+-------------------------------------------
     0 | D:1      | tilp the Octopode Transmuter began the quest for the Orb.
     0 | D:1      | Reached XP level 1. HP: 13/13 MP: 3/3
    45 | D:1      | Reached skill level 1 in Stealth
   353 | D:1      | Reached XP level 2. HP: 18/18 MP: 5/5
   356 | D:1      | Learned a level 2 spell: Wereblood
  1141 | D:2      | Reached XP level 3. HP: 23/23 MP: 6/6
  1621 | D:2      | Reached XP level 4. HP: 13/28 MP: 3/7
  2065 | D:2      | Reached skill level 4 in Unarmed Combat
  2176 | D:2      | Reached XP level 5. HP: 16/34 MP: 8/8
  3167 | D:3      | Found a broken altar of Ashenzari.
  3765 | D:4      | Reached skill level 5 in Unarmed Combat
  3765 | D:4      | Reached XP level 6. HP: 33/41 MP: 9/9
  3849 | D:4      | Identified the +7 dagger of Awkwardness {vorpal, +Inv
                  | Will+}
  3899 | D:4      | Succumbed to a scorpion's poison

Illustrated notes

Levels and vault maps discovered:
D:1:      dpeg_arrival_pond, layout_rooms, hangedman_feature_mirror
D:2:      cheibrodos_pilgrimage, layout_loops_corners, minmay_heptomino_o4
D:3:      layout_basic, ashenzari_altar_1
D:4:      cheibrodos_helix_gallery, layout_rooms, minitemple, serial_shops,
          shop, shop, shop, kennysheep_generic_room_14

Skill      XL: |  1  2  3  4  5  6 |
---------------+-------------------+-----
Stealth        | 2 3 4 |  4.0
Unarmed Combat | 4 5 |  5.4
Fighting       | 2 3 |  3.1
Dodging        | |  2.0
Spellcasting   | |  2.0
Transmutations | |  2.0

Action                   |  1- 3 |  4- 6 || total
-------------------------+-------+-------++-------
Melee: Unarmed           |    58 |    70 ||   128
       Constrict         |    18 |    19 ||    37
       Tentacles         |     7 |    15 ||    22
       Kick              |     4 |    15 ||    19
       Punch             |       |     1 ||     1
Throw: Dart              |     1 |    16 ||    17
 Cast: Beastly Appendage |     4 |    10 ||    14
       Wereblood         |     3 |     2 ||     5
Evoke: Wand              |       |     1 ||     1
  Use: Scroll            |     3 |     8 ||    11
       Potion            |       |     1 ||     1
 Stab: Sleeping          |     9 |     4 ||    13
Armor: Skin              |     1 |     5 ||     6
Dodge: Dodged            |    30 |    27 ||    57

Table legend: (Time is in decaauts)
 A = Elapsed time spent in this place.
 B = Non-inter-level travel time spent in this place.
 C = Inter-level travel time spent in this place.
 D = Time resting spent in this place.
 E = Time spent auto-exploring this place.
 F = Levels seen in this place.
 G = Mean time per level.
                   A        B        C        D        E       F      G
               +--------+--------+--------+--------+--------+-----+--------+
         Total |   3889 |   3704 |    185 |    676 |   2583 |   4 |  972.2 |
       Dungeon |   3889 |   3704 |    185 |    676 |   2583 |   4 |  972.2 |
               +--------+--------+--------+--------+--------+-----+--------+

Top non-repeatable levels by time:
     D:2: 1927 daAuts
     D:1: 1031 daAuts
     D:3: 789 daAuts
     D:4: 140 daAuts
